 Dungeon Crawl Stone Soup version 0.19.4-9-g45fd643 (webtiles) character file.

146 vatarom the Conjurer (level 5, -1/45 HPs)
             Began as a Draconian Conjurer on Feb 21, 2017.
             Slain by a gnoll (3 damage)
             ... on level 2 of the Dungeon.
             The game lasted 00:07:30 (3227 turns).

vatarom the Conjurer (Draconian Conjurer)           Turns: 3227, Time: 00:07:30

Health: -1/45      AC:  6    Str: 11    XL:     5   Next: 7%
Magic:  2/8        EV: 12    Int: 16    God:
Gold:   142        SH:  0    Dex: 11    Spells: 3 memorised, 2 levels left

rFire  . . .     SeeInvis .     e - +0 short sword
rCold  . . .     Gourm    .     (armour unavailable)
rNeg   . . .     Faith    .     (no shield)
rPois  .         Spirit   .     (helmet restricted)
rElec  .         Reflect  .     j - +0 cloak
rCorr  +         Harm     .     (no gloves)
MR     .....                    (no boots)
Stlth  ++........               (no amulet)
                                (no ring)
                                h - ring of resist corrosion

@: no status effects
A: unfitting armour, cold-blooded, AC +5
a: no special abilities


You were on level 2 of the Dungeon.
You were not hungry.

You visited 1 branch of the dungeon, and saw 3 of its levels.

You collected 142 gold pieces.

Inventory:

Hand Weapons
 e - a +0 short sword (weapon)
Missiles
 f - 2 stones (quivered)
Armour
 j - a +0 cloak (worn)
Jewellery
 h - a ring of resist corrosion (left hand)
Potions
 c - 2 potions of curing
 d - a potion of magic
Books
 a - a book of Conjurations

   Spells                             Type                      Level
   a - Magic Dart                     Conjuration                  1
   b - Searing Ray                    Conjuration                  2
   c - Dazzling Spray                 Conjuration/Hexes            3
   d - Fulminant Prism                Conjuration/Hexes            4
   e - Iskenderun's Mystic Blast      Conjuration                  4
   f - Iskenderun's Battlesphere      Conjuration/Charms           5
Comestibles
 b - a bread ration
 k - a slice of pizza


   Skills:
 - Level 3.4 Fighting
 - Level 1.7 Dodging
 - Level 1.7 Stealth
 + Level 2.1 Spellcasting
 - Level 5.3 Conjurations


You had 2 spell levels left.
You knew the following spells:

 Your Spells              Type           Power        Failure   Level  Hunger
a - Magic Dart            Conj           ###.         2%          1    #......
b - Searing Ray           Conj           ###...       4%          2    ###....
c - Dazzling Spray        Conj/Hex       ##....       21%         3    ###....


Dungeon Overview and Level Annotations

Branches:
Dungeon (3/15)

Altars:


Innate Abilities, Weirdness & Mutations

Your plain brown scales are hard. (AC +5)
You cannot fit into any form of body armour.
You are cold-blooded and may be slowed by cold attacks.


Message History

Your magical contamination has completely faded away.
There is a stone staircase leading down here.
Casting: Searing Ray
Confirm with . or Enter, or press ? or * to list all spells.
Aiming: Magic Dart
Press: ? - help, Shift-Dir - straight line, f - gnoll
Aim: a gnoll (severely wounded)
The magic dart hits the gnoll.
The gnoll is severely wounded.
The gnoll hits you!
* * * LOW HITPOINT WARNING * * *
Casting: Magic Dart
Confirm with . or Enter, or press ? or * to list all spells.
Aiming: Magic Dart
Press: ? - help, Shift-Dir - straight line, f/p - gnoll
Aim: a gnoll (severely wounded)
The magic dart hits the gnoll.
The gnoll is almost dead.
The gnoll hits you.
You die...

#......#........#.......#.#
#.............#<#'#.......#
###'#.##......[.....#######
#.#......#........#
#.#####..#.....)..#
#.....#..#....#.#.#
#####.#..######.#.#
#.......g.....#.########
#.#.###@................ #.#.#
#.#######.########
#######.#.###.# #.# #.....
#.............# #)# #.....
#.#####.#.###########.###.....
#.##....#.#...................
#.##.####.#.#########......(.#
#.##.# #.#.# ###........#
#.##.# #.#.# #..........#


You could see a gnoll.

Vanquished Creatures
  Terence (D:3)
  2 adders (D:2)
  3 worms (D:2)
  4 leopard geckos
  An orc (D:3)
  2 ball pythons
  5 giant cockroaches
  6 goblins
  11 hobgoblins
  5 jackals
  31 kobolds
  5 bats
  5 frilled lizards
  7 rats
88 creatures vanquished.

Notes
Turn   | Place    | Note
-------+----------+-------------------------------------------
     0 | D:1      | vatarom the Draconian Conjurer began the quest for the Orb.
     0 | D:1      | Reached XP level 1. HP: 14/14 MP: 3/3
   142 | D:1      | Reached skill level 1 in Fighting
   323 | D:1      | Reached XP level 2. HP: 22/24 MP: 0/5
   349 | D:1      | Learned a level 2 spell: Searing Ray
  1086 | D:2      | Reached XP level 3. HP: 23/30 MP: 4/6
  1613 | D:2      | Gained mutation: Your large and strong wings let you fly indefinitely. [potion of mutation]
  1613 | D:2      | Gained mutation: Your body sometimes deteriorates upon taking damage. [potion of mutation]
  1613 | D:2      | Gained mutation: You are frail. (-10% HP) [potion of mutation]
  1923 | D:2      | Reached XP level 4. HP: 34/34 MP: 4/7
  1932 | D:2      | Learned a level 3 spell: Dazzling Spray
  2115 | D:3      | Lost mutation: You are frail. (-10% HP) [potion of cure mutation]
  2115 | D:3      | Lost mutation: Your body sometimes deteriorates upon taking damage. [potion of cure mutation]
  2115 | D:3      | Lost mutation: Your large and strong wings let you fly indefinitely. [potion of cure mutation]
  2132 | D:3      | Noticed Terence
  2226 | D:3      | Killed Terence
  2324 | D:3      | Reached skill level 5 in Conjurations
  3025 | D:3      | Reached XP level 5. HP: 45/45 MP: 3/8
  3226 | D:2      | HP: 2/45 [gnoll (9)]
  3227 | D:2      | Slain by a gnoll

Skill      XL: |  1  2  3  4 |
---------------+-------------+-----
Fighting       | 1 2 3 |  3.4
Conjurations   | 5 |  5.3
Dodging        | |  1.7
Stealth        | |  1.7
Spellcasting   | |  2.1

Action                   |  1- 3 |  4- 6 || total
-------------------------+-------+-------++-------
Melee: Short sword       |    59 |    93 ||   152
       Tailslap          |     5 |     6 ||    11
 Cast: Magic Dart        |    42 |    52 ||    94
       Searing Ray       |     4 |     3 ||     7
 Abil: Fly               |     1 |       ||     1
       Stop Flying       |     1 |       ||     1
  Use: Potion            |     6 |     2 ||     8
       Scroll            |     2 |     1 ||     3
 Stab: Sleeping          |     4 |     1 ||     5
  Eat: Chunk             |     2 |     1 ||     3
       Pizza             |     1 |       ||     1
       Bread ration      |       |     1 ||     1
       Royal jelly       |       |     1 ||     1
Armor: Skin              |    17 |    37 ||    54
Dodge: Dodged            |    46 |    87 ||   133
